Map: Glittering Ashes LE

Players

Silnem

  • Race: Protoss Protoss
  • League: Master
  • Spawn Location: 1:00

SportsLiker - Winner!

  • Race: Protoss Protoss
  • League: Diamond
  • Spawn Location: 7:00

VOD

Have the link to the VOD?

Description

Time

  • Played on: June 25, 2022, 9:15 p.m.
  • Length: 10:44
Show
View Real Time Build Order
Export as new Build Order

Silnem Protoss 

Build Orders: Oracle Opening 

Get SALT Encoding   

  12  0:00  Probe  
  13  0:12  Probe  
  14  0:17  Pylon  
  14  0:24  Probe (Chrono Boost)  
  15  0:36  Probe (Chrono Boost)  
  15  0:37  Gateway  
  16  0:44  Probe (Chrono Boost)  
  16  0:48  Assimilator  
  17  0:51  Probe  
  18  0:57  Assimilator  
  18  1:03  Probe  
  19  1:15  Probe  
  20  1:25  Cybernetics Core  
  20  1:27  Probe  
  21  1:39  Probe, Pylon  
  22  1:51  Probe  
  23  2:02  Stargate  
  23  2:04  Stalker, Probe  
  26  2:13  Warp Gate  
  26  2:16  Probe  
  26  2:17  Pylon  
  27  2:43  Oracle (Chrono Boost)  
  27  2:51  Nexus  
  30  2:59  Stalker  
  32  3:09  Shield Battery  
  32  3:17  Oracle  
  35  3:20  Probe  
  36  3:40  Probe  
  37  3:52  Probe  
  38  3:58  Pylon  
  38  4:03  Stalker  
  38  4:04  Probe  
  38  4:09  Probe  
  42  4:16  Probe  
  43  4:19  Twilight Council, Gateway  
  43  4:21  Probe  
  44  4:28  Probe  
  45  4:33  Probe  
  46  4:45  Probe  
  46  4:46  Stalker, Probe  
  46  4:52  Charge (Chrono Boost)  
  50  4:58  Probe  
  50  4:59  Probe  
  52  5:10  Probe, Nexus  
  52  5:11  Shield Battery, Probe  
  52  5:12  Pylon  
  54  5:14  Stalker  
  54  5:17  Stalker  
  58  5:22  Probe  
  59  5:31  Pylon  
  59  5:33  Gateway  
  59  5:46  Probe x2  
  61  5:55  Gateway  
  61  5:56  Gateway  
  61  5:58  Gateway  
  61  6:00  Gateway  
  61  6:02  Probe  
  62  6:05  Probe  
  63  6:14  Probe  
  63  6:15  Blink (Chrono Boost)  
  63  6:17  Probe  
  65  6:21  Pylon  
  65  6:22  Assimilator  
  65  6:24  Probe  
  66  6:26  Probe  
  66  6:30  Pylon  
  66  6:31  Probe  
  68  6:34  Zealot  
  68  6:35  Zealot x2  
  68  6:36  Probe  
  68  6:38  Probe  
  76  6:43  Probe  
  77  6:48  Probe  
  77  6:49  Pylon  
  77  6:50  Probe  
  79  7:03  Zealot x4  
  79  7:04  Zealot x3  
  93  7:34  Zealot x2  
  93  7:35  Zealot x4  
  93  7:36  Zealot  
  107  7:43  Probe x3  
  110  7:53  Nexus  
  110  7:56  Pylon  
  110  7:59  Pylon  
  110  8:08  Probe x2  
  110  8:11  Probe  
  113  8:16  Forge  
  113  8:18  Forge  
  113  8:19  Stalker x5  
  123  8:20  Stalker x2, Probe x2  
  123  8:23  Probe  
  90  8:46  Stalker  
  90  8:47  Stalker x4  
  90  8:48  Stalker x2  
  95  8:57  Robotics Facility  
  95  9:00  Robotics Facility  
  95  9:07  Assimilator  
  95  9:09  Probe  
  96  9:11  Pylon  
  96  9:12  Assimilator  
  96  9:13  Pylon  
  96  9:15  Shield Battery  
  96  9:17  Shield Battery  
  96  9:19  Shield Battery  
  96  9:20  Stalker x4, Photon Cannon  
  96  9:21  Stalker  
  96  9:22  Photon Cannon  
  106  9:24  Photon Cannon  
  96  9:43  Stalker x4  
  98  9:54  Stalker  
  98  10:01  Stalker  
  84  10:11  Stalker  
  61  10:22  Zealot x4  
  61  10:23  Zealot  
  71  10:28  Pylon  
  71  10:31  Pylon  
  71  10:33  Gateway  
  71  10:36  Gateway  
  71  10:40  Gateway  
Show
View Real Time Build Order
Export as new Build Order

SportsLiker Protoss - Winner!

Build Orders: 1 Gate Expand, Archon Immortal 

Get SALT Encoding   

  12  0:00  Probe  
  13  0:12  Probe  
  14  0:17  Pylon  
  14  0:24  Probe  
  15  0:36  Probe (Chrono Boost)  
  15  0:37  Gateway  
  16  0:48  Probe (Chrono Boost)  
  17  0:50  Assimilator  
  17  0:56  Probe (Chrono Boost)  
  18  1:03  Probe  
  19  1:15  Probe  
  20  1:24  Nexus  
  20  1:35  Cybernetics Core  
  20  1:38  Probe  
  21  1:44  Assimilator  
  21  1:50  Probe  
  21  1:53  Pylon  
  22  2:02  Probe  
  23  2:11  Stalker (Chrono Boost), Warp Gate  
  23  2:15  Probe  
  26  2:27  Probe (Chrono Boost)  
  27  2:30  Robotics Facility  
  27  2:37  Shield Battery  
  27  2:39  Probe (Chrono Boost)  
  29  2:45  Probe (Chrono Boost)  
  29  2:46  Stalker  
  29  2:49  Probe (Chrono Boost)  
  33  2:51  Probe (Chrono Boost)  
  33  2:58  Probe (Chrono Boost)  
  35  3:05  Probe (Chrono Boost)  
  35  3:10  Probe (Chrono Boost)  
  36  3:16  Sentry  
  36  3:19  Probe (Chrono Boost)  
  40  3:20  Probe (Chrono Boost)  
  40  3:21  Pylon  
  40  3:25  Observer  
  38  3:27  Probe  
  35  3:42  Probe (Chrono Boost)  
  35  3:47  Probe (Chrono Boost)  
  37  3:50  Immortal  
  37  3:52  Probe (Chrono Boost)  
  37  3:54  Probe (Chrono Boost)  
  43  3:57  Probe (Chrono Boost)  
  43  4:00  Probe  
  45  4:06  Shield Battery  
  45  4:08  Probe  
  46  4:12  Probe, Forge  
  46  4:15  Twilight Council  
  47  4:20  Probe  
  47  4:24  Assimilator, Probe  
  48  4:27  Assimilator  
  49  4:32  Probe  
  49  4:36  Probe  
  44  4:50  Protoss Ground Weapons Level 1  
  44  5:00  Stalker  
  44  5:05  Immortal  
  52  5:07  Probe x2 (Chrono Boost)  
  52  5:15  Charge (Chrono Boost)  
  52  5:19  Probe x2 (Chrono Boost)  
  54  5:39  Probe x2 (Chrono Boost)  
  54  5:40  Pylon  
  51  5:44  Warp Prism  
  53  5:56  Probe (Chrono Boost), Pylon  
  54  5:58  Probe (Chrono Boost)  
  54  6:04  Pylon  
  55  6:08  Stalker  
  55  6:09  Gateway  
  55  6:10  Gateway  
  57  6:15  Gateway  
  57  6:18  Probe, Templar Archives  
  58  6:20  Probe  
  59  6:30  Probe  
  59  6:32  Probe  
  61  6:37  Immortal (Chrono Boost)  
  61  6:42  Probe  
  61  6:44  Probe  
  67  6:53  Gateway  
  67  6:54  Gateway  
  67  6:58  High Templar  
  69  7:03  High Templar  
  69  7:07  Archon  
  71  7:14  Shield Battery, Probe x2  
  73  7:18  Zealot x2  
  77  7:23  Pylon  
  77  7:24  Protoss Ground Weapons Level 2 (Chrono Boost)  
  77  7:25  Pylon  
  77  7:29  Pylon  
  77  7:33  Probe  
  78  7:43  High Templar x2  
  78  7:44  High Templar x2, Pylon  
  82  7:47  Pylon, Archon  
  82  7:48  Archon  
  86  7:55  Immortal (Chrono Boost)  
  90  8:11  Gateway  
  90  8:13  Gateway  
  90  8:22  Zealot  
  90  8:23  Zealot x5  
  98  8:32  Immortal  
  76  8:44  Zealot x4  
  82  8:59  High Templar  
  82  9:00  High Templar  
  86  9:04  Archon  
  86  9:06  Zealot x4  
  94  9:23  Immortal (Chrono Boost)  
  94  9:32  Zealot x2  
  94  9:33  Zealot x4  
  94  9:38  Zealot x2  
  84  9:54  Zealot x6  
  87  10:01  High Templar x2  
  87  10:05  Archon  
  77  10:09  Immortal (Chrono Boost)  
  79  10:17  High Templar  
  79  10:18  High Templar x2  
  79  10:19  High Templar x2  
  79  10:21  High Templar  
  91  10:22  Archon  
  91  10:23  Archon  
  91  10:27  Archon  
  91  10:41  Stalker x2  
Tags
 
Add a new tag
Caveats
  • Supply blocks, unpowered buildings, or Contaminate may cause inaccurate times.
  • Supply counts are checked every 10 seconds.